 Dungeon Crawl Stone Soup version 0.23-a0-577-g2b1de94 (webtiles) character file.

60018 olly the Nimble (level 14, 0/85 HPs)
             Began as an Octopode Assassin on Dec 15, 2018.
             Was the Champion of Dithmenos.
             Slain by an orc warlord
             ... wielding a +1 bardiche of chopping
              (13 damage)
             ... on level 2 of the Orcish Mines.
             The game lasted 02:13:32 (28126 turns).

olly the Nimble (Octopode Assassin)                Turns: 28126, Time: 02:13:37

Health: 0/85       AC:  3    Str: 12      XL:     14   Next: 97%
Magic:  42/45      EV: 24    Int: 15 (16) God:    Dithmenos [******]
Gold:   1118       SH: 20    Dex: 15 (17) Spells: 5/27 levels left

rFire    + . .     SeeInvis .   a - +8 arc blade {discharge, rElec}
rCold    + . .     Gourm    .   m - +4 shield
rNeg     . . .     Faith    .   q - +2 hat {Int+3}
rPois    +         Spirit   .   g - +5 amulet of reflection
rElec    +         Reflect  +   z - ring of magical power
rCorr    .         Harm     .   o - +3 ring of evasion
MR       +....                  j - ring of protection from fire
Stlth    ++++++++++             (no ring)
HPRegen  0.24/turn              y - ring of protection from cold
MPRegen  0.29/turn              S - ring of flight
                                T - ring of wizardry
                                Y - ring of magical power

@: confusing touch, wreathed by umbra
A: almost no armour, stealthy swim, amphibious, 8 rings, constrict 8, camouflage
1, deterioration 1, frail 1, high mp 1, poison resistance, gelatinous body 1
a: Shadow Step, Shadow Form, Renounce Religion, Evoke Flight


You were on level 2 of the Orcish Mines.
You worshipped Dithmenos.
Dithmenos was exalted by your worship.
You were not hungry.

You visited 4 branches of the dungeon, and saw 23 of its levels.

You collected 2678 gold pieces.
You spent 1560 gold pieces at shops.

Inventory:

Hand Weapons
 a - the +8 arc blade (weapon) {discharge, rElec}
   (You bought it in a shop on level 9 of the Dungeon)

   It insulates you from electricity.
 b - a +0 blowgun
 x - a +9 dagger
 G - a cursed +6 trident
Missiles
 c - 116 poisoned needles
 J - 2 curare-tipped needles
 M - 4 throwing nets
 Q - 6 javelins (quivered)
Armour
 m - a +4 shield (worn)
 q - a +2 hat of intelligence (worn)
Jewellery
 d - an uncursed ring of fire
 g - a +5 amulet of reflection (around mantle)
 j - a ring of protection from fire (on tentacle)
 n - an uncursed ring of ice
 o - a +3 ring of evasion (right tentacle)
 y - a ring of protection from cold (on tentacle)
 z - a ring of magical power (left tentacle)
 S - a ring of flight (on tentacle)
 T - a ring of wizardry (on tentacle)
 Y - a ring of magical power (on tentacle)
Wands
 e - a wand of digging (10)
 A - a wand of flame (23)
 D - a wand of paralysis (13)
 E - a wand of enslavement (13)
 H - a wand of acid (7)
 U - a wand of random effects (11)
Scrolls
 p - 7 scrolls of remove curse
 s - a scroll of enchant armour
 B - 4 scrolls of amnesia
 C - a scroll of fear
 F - 12 scrolls of teleportation
 I - a scroll of blinking
Potions
 h - 2 potions of invisibility
 i - a potion of ambrosia
 k - 2 potions of might
 l - 4 potions of magic
 r - a potion of agility
 t - 10 potions of curing
 u - 5 potions of brilliance
 v - 3 potions of heal wounds
 w - a potion of cancellation {unknown}
 K - 3 potions of resistance
 L - a potion of lignification {unknown}
 N - a potion of haste {unknown}
 R - 2 potions of flight {unknown}
Miscellaneous
 P - a phial of floods
 X - a lamp of fire
Comestibles
 f - 32 rations
 O - 6 chunks of flesh


   Skills:
 + Level 8.6 Fighting
 * Level 10.7 Short Blades
 - Level 2.0 Throwing
 - Level 13.0 Dodging
 - Level 11.2 Stealth
 + Level 10.2 Shields
 + Level 7.2 Spellcasting
 * Level 3.9 Conjurations
 - Level 4.1 Hexes
 - Level 4.1 Charms
 - Level 5.2 Necromancy
 * Level 3.8 Fire Magic
 - Level 4.0 Air Magic
 - Level 1.0 Invocations


You had 5 spell levels left.
You knew the following spells:

 Your Spells              Type           Power        Failure   Level  Hunger
a - Swiftness             Chrm/Air       ###.....     2%          2    None
b - Confusing Touch       Hex            ###...       1%          1    None
c - Regeneration          Chrm/Necr      ###.......   4%          3    ##.....
d - Conjure Flame         Conj/Fire      ###.....     6%          3    ##.....
e - Confuse               Hex            ###.....     5%          3    ##.....
f - Sticky Flame          Conj/Fire      ###.....     19%         4    ####...
g - Spectral Weapon       Hex/Chrm       ###.....     5%          3    ##.....
h - Summon Guardian Gole  Hex/Summ       ##......     12%         3    ##.....

Your spell library contained the following spells:

 Spells                   Type           Power        Failure   Level  Hunger
 Corona                   Hex            ###....      1%          1    None
 Flame Tongue             Conj/Fire      ###..        1%          1    None
 Infusion                 Chrm           ###.         1%          1    None
 Magic Dart               Conj           ###.         1%          1    None
 Shock                    Conj/Air       ###.         1%          1    None
 Searing Ray              Conj           ###...       2%          2    None
 Slow                     Hex            ###.....     2%          2    None
 Song of Slaying          Chrm           ###.....     2%          2    None
 Throw Flame              Conj/Fire      ###...       3%          2    None
 Shroud of Golubria       Chrm/Tloc      ##........   6%          2    None
 Throw Frost              Conj/Ice       ##....       6%          2    None
 Dazzling Spray           Conj/Hex       ###...       6%          3    ##.....
 Inner Flame              Hex/Fire       ###.....     6%          3    ##.....
 Static Discharge         Conj/Air       ###.....     6%          3    ##.....
 Freeze                   Ice            #...         10%         1    None
 Summon Small Mammal      Summ           #...         10%         1    None
 Ozocubu's Armour         Chrm/Ice       ##......     12%         3    ##.....
 Portal Projectile        Hex/Tloc       ##....       12%         3    ##.....
 Call Imp                 Summ           #.......     16%         2    None
 Airstrike                Air            ###.......   17%         4    ####...
 Cause Fear               Hex            ###.......   17%         4    ####...
 Fulminant Prism          Conj/Hex       ###.......   17%         4    ####...
 Iskenderun's Mystic Bla  Conj           ###.....     19%         4    ####...
 Call Canine Familiar     Summ           #.......     28%         3    ##.....
 Gell's Gravitas          Tloc           #.........   28%         3    ##.....
 Force Lance              Conj/Tloc      ##......     38%         4    ####...
 Leda's Liquefaction      Hex/Erth       ##........   38%         4    ####...
 Summon Lightning Spire   Summ/Air       ##......     38%         4    ####...
 Throw Icicle             Conj/Ice       ##......     38%         4    ####...
 Fireball                 Conj/Fire      ###.......   45%         5    #####..
 Lightning Bolt           Conj/Air       ###.......   45%         5    #####..
 Petrify                  Tmut/Erth      #.......     65%         4    ####...
 Summon Ice Beast         Ice/Summ       #.......     65%         4    ####...
 Metabolic Englaciation   Hex/Ice        ##........   71%         5    #####..
 Yara's Violent Unravell  Hex/Tmut       ##........   71%         5    #####..


Dungeon Overview and Level Annotations

Branches:
Dungeon (14/15)            Temple (1/1) D:4            Lair (6/6) D:10
  Swamp (0/4) Lair:2        Snake (0/4) Lair:4        Slime (0/5) Lair:5
    Orc (2/2) D:12            Elf (0/3) Orc:2        Vaults (0/5) D:13

Altars:
Ashenzari
Cheibriados
Dithmenos
Elyvilon
Fedhas
Gozag
Hepliaklqana
Kikubaaqudgha
Makhleb
Nemelex Xobeh
Okawaru
Qazlal
Ru
Sif Muna
Trog
Uskayaw
Vehumet
Wu Jian
Xom
Yredelemnul
Zin
The Shining One
Beogh

Shops:
D:9 (   D:13 %

Annotations:
D:4 3 runed doors, RexLacerta's ghost, amateur OpTm
D:7 exclusion: downstairs
D:9 exclusion: downstairs
Lair:1 exclusion: downstairs
Lair:5 3 runed doors, burningmoth's ghost, journeyman KoBe
Lair:6 1 runed door, nikopol's ghost, journeyman MiBe


Innate Abilities, Weirdness & Mutations

You cannot wear most types of armour.
You are very stealthy in the water. (Stealth+)
You are amphibious.
You can wear up to eight rings at the same time.
You can use your tentacles to constrict eight enemies at once.
Your skin changes colour to match your surroundings (Stealth+).
Your rubbery body absorbs attacks. (AC +1, EV +1)
Your body sometimes deteriorates upon taking damage.
You are frail. (-10% HP)
You have an increased reservoir of magic. (+10% MP)
Your system is resistant to poisons. (rPois)


Message History

An orc wizard comes into view. It is wielding a +0 dagger.
Something closely misses you.
The orc warlord hits you from afar with a +1 bardiche of chopping!!
Your body deteriorates!
You feel clumsy.
You emit a cloud of dark smoke.
You puncture the orc!
You kill the orc!
Dithmenos accepts your kill. You block the orc warrior's attack.
You block something's attack.
The orc wizard gestures wildly while chanting.
The orc wizard flickers and vanishes!
Unknown command.
Casting: Spectral Weapon (safe; 5% risk of failure)
Confirm with . or Enter, or press ? or * to list all spells.
Your tentacles begin to glow red.
You block the orc warrior's attack.
The orc warlord hits you from afar with a +1 bardiche of chopping!!!
* * * LOW HITPOINT WARNING * * *
Your body deteriorates!
You feel clumsy.
You emit a cloud of dark smoke.
You die...

............. ..##.#
..............####.#...
............>..#.8#.#...
...............#..#.....
...#...........#..#.#..#
.............).#))#...##
#.........))...##[#....#
#....o{§§..)..........##
#...oo§@§.)...........#
{....o(§§.............#
#.....§§§...#########.#
...#......$.+ #..# ..
##.......# #... .
#....#...# ...
..........# .#
..........#


You could see an orc warlord, 2 orc warriors and a friendly spectral +8 arc
blade {discharge, rElec}.

Vanquished Creatures
  Gastronok (Lair:1)
  Kirke (D:14)
  Snorg (Lair:5)
  6 hydras
  A centaur warrior (D:14)
  6 death yaks
  4 two-headed ogres
  A catoblepas (Lair:6)
  A tengu warrior (D:13)
  A deep troll shaman (Lair:6)
  An orc high priest (Orc:2)
  An ogre mage (D:13)
  Urug (D:11)
  2 cyclopes
  2 ugly things (D:13)
  A manticore (D:12)
  6 elephants
  Joseph (Lair:1)
  An eye of devastation (shapeshifter) (D:12)
  3 black mambas (Lair:4)
  13 spiny frogs
  A rime drake (Lair:3)
  A kobold demonologist (D:12)
  5 komodo dragons
  4 trolls
  A polar bear (Lair:6)
  A meliai (shapeshifter) (D:14)
  2 hornets
  4 slime creatures (D:12)
  2 dream sheep (D:9)
  9 hippogriffs
  6 blink frogs
  A meliai zombie (D:12)
  3 wyverns
  A wraith (D:13)
  33 yaks
  A steam dragon (D:10)
  2 basilisks
  Menkaure (D:7)
  A warg (Orc:2)
  A soldier ant (D:13)
  2 acid dragons
  20 water moccasins
  16 porcupines
  2 ice beasts
  4 sky beasts
  14 orc warriors
  5 black bears
  6 necrophages
  10 wolves
  4 phantoms
  12 ogres
  15 centaurs
  7 crocodiles
  6 big kobolds
  Blork the orc (D:4)
  14 bullfrogs
  2 gnoll sergeants
  A wyvern zombie (D:10)
  3 scorpions
  9 killer bees
  5 wights (D:6)
  An electric eel (Lair:3)
  5 howler monkeys
  4 bullfrog zombies
  11 crimson imps
  6 centaur zombies
  4 hounds
  15 jellies
  12 orc priests
  A bullfrog skeleton (D:12)
  5 centaur skeletons
  7 iguanas
  19 orc wizards
  5 worker ants
  A killer bee zombie (D:10)
  A hound skeleton (D:6)
  2 worker ant zombies
  Robin (D:4)
  14 adders
  14 gnolls
  2 shadow imps
  2 oozes (Lair:5)
  5 adder skeletons
  An adder zombie (D:8)
  2 worms
  2 dart slugs
  6 leopard geckos
  67 orcs
  2 giant cockroaches
  13 goblins
  5 hobgoblins
  5 jackals
  26 kobolds
  A quokka (D:5)
  6 ball pythons
  4 bats
  4 frilled lizards
  A giant cockroach zombie (D:6)
  A jackal skeleton (D:9)
  5 rats
  A bush (D:11)
  A butterfly (Lair:5)
  A fungus (Lair:5)
584 creatures vanquished.

Vanquished Creatures (others)
  A centaur warrior (D:12)
  An unseen horror (D:12)
  A human (D:14)
  2 centaurs
  3 fungi
  9 plants
17 creatures vanquished.

Grand Total: 601 creatures vanquished

Notes
Turn   | Place    | Note
-------+----------+-------------------------------------------
     0 | D:1      | olly the Octopode Assassin began the quest for the Orb.
     0 | D:1      | Reached XP level 1. HP: 14/14 MP: 1/1
   288 | D:1      | Reached XP level 2. HP: 14/19 MP: 2/2
  1191 | D:2      | Reached XP level 3. HP: 24/24 MP: 3/3
  2017 | D:3      | Found a glowing silver altar of Zin.
  2150 | D:4      | Reached skill level 1 in Shields
  2150 | D:4      | Reached XP level 4. HP: 29/29 MP: 4/4
  2194 | D:4      | Found a runed gate.
  2195 | D:4      | Found a runed gate.
  2197 | D:4      | Found a runed gate.
  2208 | D:4      | Noticed Robin
  2348 | D:4      | Noticed Blork the orc
  2351 | D:4      | Killed Blork the orc
  2351 | D:4      | Reached XP level 5. HP: 35/35 MP: 5/5
  2705 | D:4      | Reached XP level 6. HP: 27/41 MP: 6/6
  2864 | D:4      | Killed Robin
  2982 | D:4      | HP: 2/41 [ogre/cursed -3 giant club (20)]
  3709 | D:4      | Found a staircase to the Ecumenical Temple.
  3718 | Temple   | Entered the Ecumenical Temple
  3851 | Temple   | Became a worshipper of Dithmenos the Shadowed
  4085 | D:4      | Noticed RexLacerta's ghost (amateur OpTm)
  4168 | D:5      | Entered Level 5 of the Dungeon
  4442 | D:5      | Found a sacrificial altar of Ru.
  4480 | D:5      | Noticed a sky beast
  4616 | D:5      | Paralysed by a gnoll for 4 turns
  4664 | D:5      | Reached skill level 2 in Dodging
  4664 | D:5      | Reached XP level 7. HP: 42/46 MP: 7/7
  5079 | D:5      | Reached * piety under Dithmenos
  5743 | D:5      | Reached XP level 8. HP: 52/52 MP: 8/8
  6024 | D:6      | Found a stormy altar of Qazlal.
  6026 | D:6      | Reached skill level 3 in Dodging
  6026 | D:6      | Reached skill level 5 in Shields
  6031 | D:6      | Found an ornate altar of the Wu Jian Council.
  6034 | D:6      | Found a shimmering altar of Xom.
  6035 | D:6      | Found a hide-covered altar of Uskayaw.
  6037 | D:6      | Found a radiant altar of Vehumet.
  6202 | D:6      | Reached skill level 5 in Short Blades
  6270 | D:6      | Found a burning altar of Makhleb.
  6821 | D:6      | Reached XP level 9. HP: 58/58 MP: 9/9
  6872 | D:6      | Reached skill level 10 in Stealth
  7031 | D:7      | Reached skill level 4 in Dodging
  7778 | D:7      | Noticed Menkaure
  7815 | D:7      | Killed Menkaure
  7857 | D:7      | Learned a level 2 spell: Swiftness
  7894 | D:7      | Reached ** piety under Dithmenos
  8026 | D:7      | Reached skill level 1 in Charms
  8447 | D:7      | Reached skill level 1 in Invocations
  8603 | D:8      | Reached skill level 1 in Spellcasting
  8603 | D:8      | Reached skill level 1 in Air Magic
  8701 | D:8      | Reached skill level 5 in Dodging
  8716 | D:8      | Reached XP level 10. HP: 17/65 MP: 12/12
  9644 | D:8      | Reached *** piety under Dithmenos
  9894 | D:8      | Found an opulent altar of Gozag.
 10100 | D:8      | Learned a level 1 spell: Confusing Touch
 10286 | D:9      | Noticed a two-headed ogre
 10467 | D:9      | Killed a two-headed ogre
 10467 | D:9      | Reached skill level 1 in Hexes
 11146 | D:9      | Found Lapnupue's Antique Weapon Shoppe.
 11369 | D:9      | Reached skill level 6 in Dodging
 11439 | D:9      | Reached XP level 11. HP: 61/70 MP: 15/15
 11884 | D:10     | Entered Level 10 of the Dungeon
 11920 | D:10     | Reached **** piety under Dithmenos
 12224 | D:10     | Noticed a cyclops
 12772 | D:10     | Killed a cyclops
 12775 | D:10     | Reached skill level 5 in Fighting
 13150 | D:10     | Noticed a death yak
 13212 | D:10     | Noticed a death yak
 13249 | D:10     | Killed a death yak
 13249 | D:10     | Reached skill level 7 in Dodging
 13249 | D:10     | Reached skill level 10 in Shields
 13640 | D:10     | Noticed a death yak
 13751 | D:10     | Killed a death yak
 14139 | D:10     | Found a staircase to the Lair.
 14194 | D:10     | Killed a death yak
 14890 | D:11     | Reached skill level 8 in Dodging
 14890 | D:11     | Reached XP level 12. HP: 77/77 MP: 17/17
 15006 | D:11     | Reached ***** piety under Dithmenos
 15205 | D:11     | Noticed Urug
 15208 | D:11     | Killed Urug
 15319 | D:11     | Found a blossoming altar of Fedhas.
 16183 | D:12     | Noticed a centaur warrior
 16233 | D:12     | Killed a centaur warrior
 16233 | D:12     | Reached skill level 9 in Dodging
 16495 | D:12     | Found a staircase to the Orcish Mines.
 16590 | D:12     | Learned a level 3 spell: Regeneration
 16836 | D:13     | Gained mutation: You are somewhat resistant to further
                  | mutation. [potion of mutation]
 16836 | D:13     | Gained mutation: Your skin blends seamlessly with your
                  | surroundings (Stealth++). [potion of mutation]
 16882 | D:13     | Noticed a seven-headed hydra
 16928 | D:13     | Reached skill level 1 in Necromancy
 16961 | D:13     | Reached skill level 5 in Spellcasting
 17089 | D:13     | Reached skill level 10 in Dodging
 17178 | D:13     | Killed a seven-headed hydra
 17178 | D:13     | Reached XP level 13. HP: 85/85 MP: 20/20
 17268 | D:13     | Found a gate to the Vaults.
 17300 | D:13     | Reached skill level 10 in Short Blades
 17623 | D:13     | Identified a scroll of acquirement
 18033 | D:13     | Found Buses's Food Shoppe.
 18384 | D:14     | Noticed Kirke
 18391 | D:14     | Killed Kirke
 18391 | D:14     | Reached skill level 11 in Dodging
 18829 | Lair:1   | Entered Level 1 of the Lair of Beasts
 19404 | D:10     | Found a staircase to the Lair.
 19661 | Lair:1   | Noticed Joseph
 19923 | Lair:1   | Killed Joseph
 20515 | Lair:1   | Noticed Gastronok
 20544 | Lair:1   | Killed Gastronok
 20635 | D:10     | Lost mutation: You are somewhat resistant to further
                  | mutation. [potion of mutation]
 20635 | D:10     | Gained mutation: You are somewhat resistant to further
                  | mutation. [potion of mutation]
 21020 | Lair:1   | Learned a level 3 spell: Conjure Flame
 21254 | Lair:1   | Reached XP level 14. HP: 60/93 MP: 22/22
 21401 | Lair:2   | Reached skill level 5 in Necromancy
 21797 | Lair:1   | Reached skill level 1 in Fire Magic
 21799 | Lair:1   | Reached skill level 1 in Conjurations
 22045 | Lair:2   | Reached skill level 12 in Dodging
 22057 | Lair:2   | Lost mutation: You are somewhat resistant to further
                  | mutation. [potion of mutation]
 22057 | Lair:2   | Lost mutation: Your skin blends seamlessly with your
                  | surroundings (Stealth++). [potion of mutation]
 22057 | Lair:2   | Gained mutation: Your body sometimes deteriorates upon
                  | taking damage. [potion of mutation]
 22057 | Lair:2   | Gained mutation: You have an increased reservoir of magic.
                  | (+10% MP) [potion of mutation]
 22057 | Lair:2   | Gained mutation: You are frail. (-10% HP) [potion of
                  | mutation]
 22057 | Lair:2   | Gained mutation: Your system is resistant to poisons.
                  | (rPois) [potion of mutation]
 22163 | D:9      | Bought the +8 arc blade {discharge, rElec} for 1560 gold
                  | pieces
 22163 | D:9      | Found the +8 arc blade {discharge, rElec}
 22504 | Lair:2   | Found a staircase to the Swamp.
 23625 | Lair:3   | Reached ****** piety under Dithmenos
 23877 | Lair:4   | Learned a level 3 spell: Confuse
 23882 | Lair:4   | Learned a level 4 spell: Sticky Flame
 23986 | Lair:4   | Found a staircase to the Snake Pit.
 25174 | Lair:5   | Noticed burningmoth's ghost (journeyman KoBe)
 25225 | Lair:5   | Found a staircase to the Slime Pits.
 25350 | Lair:5   | Found a runed gate.
 25350 | Lair:5   | Found a runed gate.
 25350 | Lair:5   | Found a runed gate.
 25436 | Lair:5   | Noticed Snorg
 25451 | Lair:5   | Killed Snorg
 25761 | Lair:6   | Entered Level 6 of the Lair of Beasts
 25984 | Lair:6   | Found a runed door.
 25986 | Lair:6   | Identified the +6 trident of Grandeur {antimagic, rC++}
 25987 | Lair:6   | Noticed nikopol's ghost (journeyman MiBe)
 25988 | Lair:6   | Identified the cursed +2 quarterstaff "Jiucius" {flame,
                  | +Rage}
 26672 | Lair:6   | Reached skill level 13 in Dodging
 27186 | Orc:1    | Entered Level 1 of the Orcish Mines
 27668 | Orc:2    | Entered Level 2 of the Orcish Mines
 27701 | Orc:2    | Found a roughly hewn altar of Beogh.
 27871 | Orc:2    | Learned a level 3 spell: Spectral Weapon
 27875 | Orc:2    | Learned a level 3 spell: Summon Guardian Golem
 28093 | Orc:2    | Found a staircase to the Elven Halls.
 28114 | Orc:2    | Noticed an orc warlord
 28126 | Orc:2    | Slain by an orc warlord

Vault maps used:
D:1:      dpeg_arrival_renting, st_stairs_9
D:3:      zin_treasury
D:4:      temple_hall, first_ration, gammafunk_ghost_necromancy, uniq_robin,
          uniq_blork_the_orc
D:5:      nicolae_ru_great_annihilating_truth
D:6:      minitemple, makhleb_blood_cavern_becter
D:7:      uniq_crazy_yiuf_cottage, uniq_menkaure
D:8:      basic_altar
D:9:      serial_shops, shop_coins, hangedman_ranch
D:10:     dpeg_lair_monsters
D:11:     fedhas_altar_decomposition, uniq_urug
D:12:     minmay_curly_fans, orc_0_dummy, chequers_serial_rivers_large_a
D:13:     david_vaults_2, serial_shops, kennysheep_mini
D:14:     serial_co_window_serial, co_window_corner_a, co_window_paths_a,
          co_window_paths_a, co_window_of_opportunity_a, co_window_paths_a,
          co_window_paths_a, co_window_2corner, co_window_corner_cb,
          co_window_corner_ca, co_window_broadway_c, co_window_2corner,
          co_window_paths_c, glass_columns_a, nicolae_ashenzari_panopticon,
          uniq_kirke
Temple:   nicolae_temple_elliptical
Lair:1:   nzn_random_ring, uniq_gastronok, uniq_joseph
Lair:2:   swamp_mist, beast_lair_carwin_1, grunt_megastairs_4
Lair:3:   nicolae_quartered_pool_super
Lair:4:   minmay_snake_entry_six_corridors
Lair:5:   minmay_slime_entry_jelly_boxes, gammafunk_ghost_icy,
          lemuel_fruit_fields, uniq_snorg
Lair:6:   grunt_lair_end_beastmaster, ebering_ghost_funeral_grove,
          lemuel_fruit_fields
Orc:1:    serial_shops
Orc:2:    grunt_orc_community_town_hall, grunt_orc_community_big_house_2,
          grunt_orc_community_big_house_1, grunt_orc_community_house_3,
          grunt_orc_community_house_1, grunt_orc_community_house_1,
          grunt_orc_community_house_3, grunt_orc_community_house_2,
          grunt_orc_community_house_1

Skill      XL: |  1  2  3  4  5  6  7  8  9 10 11 12 13 14 |
---------------+-------------------------------------------+-----
Stealth        | 6 7 8 9 10 11 | 11.2
Shields        | 1 2 3 4 5 7 9 10 | 10.2
Short Blades   | 3 4 5 6 8 9 10 | 10.7
Fighting       | 3 4 5 6 7 8 |  8.6
Dodging        | 2 3 5 6 8 10 11 13 | 13.0
Charms         | 2 3 4 |  4.1
Invocations    | 1 |  1.0
Spellcasting   | 1 3 5 7 |  7.2
Air Magic      | 1 3 4 |  4.0
Hexes          | 2 4 |  4.1
Necromancy     | 2 4 5 |  5.2
Fire Magic     | 3 |  3.8
Conjurations   | 3 |  3.9
Throwing       | |  2.0

Action                   |  1- 3 |  4- 6 |  7- 9 | 10-12 | 13-15 || total
-------------------------+-------+-------+-------+-------+-------++-------
Melee: Dagger            |    92 |   117 |   258 |   813 |   358 ||  1638
       Constrict         |    20 |    25 |    46 |    83 |    72 ||   246
       Tentacles         |     7 |    27 |    56 |   215 |   162 ||   467
       Rapier            |       |       |       |       |   293 ||   293
 Fire: Blowgun           |       |    18 |     9 |    19 |       ||    46
Throw: Stone             |     1 |     8 |     2 |     7 |       ||    18
       Tomahawk          |       |       |       |    10 |     1 ||    11
       Javelin           |       |       |       |       |     5 ||     5
 Cast: Confusing Touch   |       |       |       |    55 |    78 ||   133
       Swiftness         |       |       |       |     1 |     1 ||     2
       Regeneration      |       |       |       |       |     2 ||     2
       Conjure Flame     |       |       |       |       |     6 ||     6
       Confuse           |       |       |       |       |     5 ||     5
       Spectral Weapon   |       |       |       |       |     3 ||     3
       Summon Guardian G |       |       |       |       |     2 ||     2
Invok: Shadow Step       |       |       |       |     1 |     1 ||     2
Evoke: Wand              |       |     7 |    28 |    17 |    12 ||    64
  Use: Scroll            |       |       |     4 |    15 |    17 ||    36
       Potion            |       |       |       |     3 |     3 ||     6
 Stab: Sleeping          |     7 |     6 |    19 |    40 |    55 ||   127
       Invisible         |       |     1 |       |       |       ||     1
       Distracted        |       |       |     3 |     1 |     5 ||     9
       Confused          |       |       |       |    40 |    47 ||    87
  Eat: Chunk             |     3 |     9 |     8 |    29 |    28 ||    77
       Ration            |       |       |     1 |       |     2 ||     3
Armor: Skin              |     3 |     1 |     2 |     7 |     9 ||    22
Dodge: Dodged            |    26 |    16 |    71 |   183 |   193 ||   489
Block: Shield            |    50 |    60 |   165 |   428 |   412 ||  1115
       Reflection        |     4 |       |     8 |    35 |    13 ||    60

Table legend:
 A = Non-vault XP
 B = Vault XP
 C = Vault XP percentage of total XP
 D = Non-vault monster count
 E = Vault monster count
 F = Vault count percentage of total count
                 A         B        C        D         E       F
            +---------+---------+-------+---------+---------+-------
      Total |   50208 |   35532 |  41.4 |     453 |     132 |  22.6
            +---------+---------+-------+---------+---------+-------
        D:1 |      11 |       7 |  38.9 |       8 |       3 |  27.3
        D:2 |      22 |       0 |   0.0 |      12 |       0 |   0.0
        D:3 |      33 |       0 |   0.0 |      10 |       0 |   0.0
        D:4 |     266 |     130 |  32.8 |      19 |      14 |  42.4
        D:5 |     761 |      16 |   2.1 |      22 |       4 |  15.4
        D:6 |    1314 |     143 |   9.8 |      26 |       2 |   7.1
        D:7 |    1341 |     175 |  11.5 |      34 |       1 |   2.9
        D:8 |    1921 |       0 |   0.0 |      36 |       0 |   0.0
        D:9 |    3027 |    1519 |  33.4 |      32 |       8 |  20.0
       D:10 |    5054 |    4710 |  48.2 |      43 |      10 |  18.9
       D:11 |    4494 |    1815 |  28.8 |      41 |       7 |  14.6
       D:12 |    3573 |    1693 |  32.1 |      21 |       4 |  16.0
       D:13 |    6381 |    2607 |  29.0 |      31 |       3 |   8.8
       D:14 |    4311 |    1955 |  31.2 |      12 |       1 |   7.7
     Lair:1 |    3327 |    5061 |  60.3 |      14 |       8 |  36.4
     Lair:2 |     898 |    2515 |  73.7 |       4 |      10 |  71.4
     Lair:3 |    3431 |       0 |   0.0 |      15 |       0 |   0.0
     Lair:4 |    3503 |    2262 |  39.2 |      15 |      15 |  50.0
     Lair:5 |    1101 |    1634 |  59.7 |       6 |      16 |  72.7
     Lair:6 |    1725 |    8857 |  83.7 |       5 |      19 |  79.2
      Orc:1 |    1216 |       0 |   0.0 |      22 |       0 |   0.0
      Orc:2 |    2498 |     433 |  14.8 |      25 |       7 |  21.9
            +---------+---------+-------+---------+---------+-------
